 Dungeon Crawl Stone Soup version 0.28-a0-60-g54b5640690 (webtiles) character file.

Game seed: 11532640447946878551

7 tatocazan the Skirmisher (level 1, -2/18 HPs)
             Began as a Demonspawn Fighter on July 30, 2021.
             Slain by a gnoll (4 damage)
             ... on level 1 of the Dungeon.
             The game lasted 00:00:59 (303 turns).

tatocazan the Skirmisher (Demonspawn Fighter)        Turns: 303, Time: 00:01:00

Health: -2/18      AC:  6    Str: 16    XL:     1   Next: 83%
Magic:  1/1        EV:  6    Int:  9    God:
Gold:   17         SH:  8    Dex: 12    Spells: 0/0 levels left

rFire   . . .      SeeInvis .   a - +0 war axe
rCold   . . .      Faith    .   c - +0 kite shield
rNeg    . . .      Spirit   .   b - +0 scale mail
rPois   .          Reflect  .   (no helmet)
rElec   .          Harm     .   (no cloak)
rCorr   .          Rampage  .   (no gloves)
Will    .....                   (no boots)
Stlth   ..........              e - amulet of the acrobat
HPRegen 0.06/turn               (no ring)
MPRegen 0.07/turn               (no ring)

@: no status effects
A: no striking features
a: no special abilities


You were on level 1 of the Dungeon.
You visited 1 branch of the dungeon, and saw 1 of its levels.

You collected 17 gold pieces.

Inventory:

Hand Weapons
 a - a +0 war axe (weapon)
Armour
 b - a +0 scale mail (worn)
 c - a +0 kite shield (worn)
Jewellery
 e - an amulet of the acrobat (around neck)
Potions
 d - a potion of might
 f - a potion of haste {unknown}


   Skills:
 + Level 3.1 Fighting
 * Level 2.0 Axes
 + Level 2.8 Armour
 + Level 2.8 Shields


You couldn't memorise any spells.
You didn't know any spells.
Your spell library was empty.

Dungeon Overview and Level Annotations

Branches:
Dungeon (1/15)

Altars:


Message History

You are too injured to fight recklessly!
You are too injured to fight recklessly!
You are too injured to fight recklessly!
You are too injured to fight recklessly!
You are too injured to fight recklessly!
You are too injured to fight recklessly!
You are too injured to fight recklessly!
You are too injured to fight recklessly!
You are too injured to fight recklessly!
You hit the gnoll.
The gnoll is heavily wounded.
You barely miss the goblin. The gnoll hits you with a +0 spear.
The goblin hits you but does no damage. The gnoll closely misses you.
You take 4 damage, and have 6/18 hp.
MASSIVE DAMAGE!!
You completely miss the gnoll.
The gnoll is heavily wounded.
You hit the goblin.
You kill the goblin!
The gnoll barely misses you. The gnoll hits you but does no damage.
You hit the gnoll but do no damage.
The gnoll is heavily wounded.
You block the gnoll's attack.
A quokka comes into view.
You barely miss the gnoll.
The gnoll is heavily wounded.
Your scale mail prevents you from hitting the giant cockroach.
You block the gnoll's attack.
The giant cockroach bites you but does no damage.
The gnoll hits you with a +0 spear.
* * * LOW HITPOINT WARNING * * *
The giant cockroach bites you but does no damage.
You take 2 damage, and have 5/18 hp.
You completely miss the gnoll.
The gnoll is heavily wounded.
Your shield prevents you from hitting the giant cockroach.
You block the giant cockroach's attack. The gnoll hits you with a +0 spear.
* * * LOW HITPOINT WARNING * * *
The giant cockroach bites you but does no damage.
The gnoll hits you with a +0 spear.
You die...

.# ..# #.# #.#
..# ##.##
#####g..#####.
#...†@B.r.....
....###...#####
# ##.## #.#
##.# #..# #.##
#.# #.####


You could see a gnoll, a quokka and a giant cockroach.

Vanquished Creatures
  2 goblins (D:1)
  A ball python (D:1)
  2 bats (D:1)
  2 frilled lizards (D:1)
  A rat (D:1)
8 creatures vanquished.

Notes
Turn   | Place    | Note
-------+----------+-------------------------------------------
     0 | D:1      | tatocazan the Demonspawn Fighter began the quest for the
                  | Orb.
     0 | D:1      | Reached XP level 1. HP: 18/18 MP: 1/1
   303 | D:1      | Slain by a gnoll

Illustrated notes

Levels and vault maps discovered:
D:1:      psy_arrival_basics, layout_loops_ring, serial_shops,
          nicolae_shop_stone

Skill      XL: |  1 |
---------------+----+-----
Axes           | 2 |  2.0
Fighting       | |  3.1
Armour         | |  2.8
Shields        | |  2.8

Action                   || total
-------------------------++-------
Melee: War axe           ||    27
Armor: Scale mail        ||    19
Dodge: Dodged            ||     8
Block: Kite shield       ||    13

Table legend: (Time is in decaauts)
 A = Elapsed time spent in this place.
 B = Non-inter-level travel time spent in this place.
 C = Inter-level travel time spent in this place.
 D = Time resting spent in this place.
 E = Time spent auto-exploring this place.
 F = Levels seen in this place.
 G = Mean time per level.
                   A        B        C        D        E       F      G
               +--------+--------+--------+--------+--------+-----+--------+
         Total |    320 |    320 |      0 |      0 |    248 |   1 |  320.0 |
       Dungeon |    320 |    320 |      0 |      0 |    248 |   1 |  320.0 |
               +--------+--------+--------+--------+--------+-----+--------+

Top non-repeatable levels by time:
     D:1: 320 daAuts
